cohdb
Replays
Latest Replays
All Replays
Popular Replays
Top Player Replays
Match Explorer
How It Works
Community
CoH3 Stats
Reddit
Sign in to upload your games and track your stats! →
Sign in with Steam
Match 41220175
Unlisted
Match 41220175
Overview
Messages
Build Orders
End
Construct Infanterie Kompanie
Kettenkrad Recon Vehicle
MG 42 Machine Gun Team
Grenadier Squad
Grenadier Squad
Construct Luftwaffe Kompanie
Jäger Squad
Jäger Squad
Medical Bunker
Selects Mechanized Battlegroup
Selects Raid Package
Selects 8 Rad Armored Car
8 Rad Armored Car
8 Rad Armored Car
Jäger Squad
Jäger Squad
Luftwaffe Officer Quarters
GrW 34 Mortar Team
Construct Panzer Kompanie
Panzer IV Medium Tank
Stoßtruppen Squad
g.angel.h
jdnebel
0
0
Comments
sign in to comment!
No comments posted yet!